 Dungeon Crawl Stone Soup version 0.32-a0-135-g14f8b2e (webtiles) character file.

Game seed: 15531040634755471466

11269 Dorkslayer the Grappler (level 11, -1/72 HPs)
             Began as an Octopode Fighter on Feb 9, 2024.
             Was a High Priest of Okawaru.
             Slain by a sixfirhy (11 damage)
             ... summoned by an orc high priest
             ... on level 1 of the Orcish Mines on Feb 10, 2024.
             The game lasted 00:46:40 (12344 turns).

Dorkslayer the Grappler (Octopode Fighter)         Turns: 12344, Time: 00:46:41

Health: -1/72      AC:  3    Str: 20    XL:     11   Next: 75%
Magic:  24/24      EV: 16    Int: 16    God:    Okawaru [*****.]
Gold:   526        SH:  6    Dex: 16    Spells: 10/10 levels left

rFire   + + .        q - +4 spear (flame)
rCold   . . .        a - +0 buckler
rNeg    + + +        (helmet currently unavailable)
rPois   +            (no amulet)
rElec   .            h - ring of positive energy
rCorr   .            l - ring of protection from fire
SInv    .            c - ring "Soemorph" {rPois rN++ MP+9 Int+2 Slay+2}
Will    .....        p - +6 ring of dexterity
Stlth   +++++        (no ring)
HPRegen 0.32/turn    (no ring)
MPRegen 0.19/turn    (no ring)
                     (no ring)

%: no passive effects
@: beast-form
A: beast (slay +2), almost no armour, amphibious, 8 rings, camouflage 1,
gelatinous body 1, (nimble swimmer 1), tentacles, iridescent scales 1, clever 1,
fire resistance 1, persistent drain
a: Begin Untransformation, Renounce Religion, Heroism, Finesse, Duel


You were on level 1 of the Orcish Mines.
You worshipped Okawaru.
Okawaru was extremely pleased with you.
You were a hulking beast.
You visited 2 branches of the dungeon, and saw 12 of its levels.
You also visited: Sewer.

You collected 757 gold pieces.
You spent 231 gold pieces at shops.

Inventory:

Hand Weapons
 q - a +4 spear of flaming (weapon)
 t - a +0 war axe of protection
 u - a +2 flail of protection
 v - a +1 heavy war axe
Missiles
 j - 4 javelins (quivered)
 A - 11 boomerangs
Armour
 a - a +0 buckler (worn)
Jewellery
 c - the ring "Soemorph" (on tentacle) {rPois rN++ MP+9 Int+2 Slay+2}
   (You found it on level 4 of the Dungeon)

   [ring of magical power]

   Int+2:     It affects your intelligence (+2).
   Slay+2:    It affects your accuracy & damage with ranged weapons and melee
   (+2).
   rPois:     It protects you from poison rN++: It greatly protects you from
   negative energy.
   MP+9:      It affects your magic capacity (+9).
 h - a ring of positive energy (left tentacle)
 l - a ring of protection from fire (right tentacle)
 p - a +6 ring of dexterity (on tentacle)
Talismans
 s - the maw talisman "Xerhios" {rN++ Int-5 Dex+8}
   (You found it on level 5 of the Dungeon)

   [maw talisman]

   Int-5:     It affects your intelligence (-5).
   Dex+8:     It affects your dexterity (+8).
   rN++:      It greatly protects you from negative energy.
 y - a beast talisman (active)
Wands
 e - a wand of polymorph (12)
 D - a wand of roots (2)
Scrolls
 d - a scroll of fear
 i - 2 scrolls of fog
 k - 2 scrolls of poison
 m - 3 scrolls of blinking
 o - 6 scrolls of teleportation
 x - a scroll of amnesia
 B - 2 scrolls of enchant weapon
 G - a scroll of torment
Potions
 b - a potion of might
 f - 3 potions of enlightenment
 g - 4 potions of brilliance
 n - 3 potions of curing
 z - a potion of resistance
 C - a potion of berserk rage {unknown}
 E - a potion of mutation
 F - 2 potions of haste {unknown}
 H - a potion of invisibility {unknown}


   Skills:
 + Level 6.1 Fighting
 + Level 8.2 Polearms
 + Level 2.6 Throwing
 + Level 6.6 Dodging
 - Level 7.3 Stealth
 + Level 5.6 Shields
 * Level 8.3 Unarmed Combat
 * Level 6.1 Invocations
 + Level 3.9 Evocations
 * Level 5.1 Shapeshifting


You had 10 spell levels left.
You didn't know any spells.
Your spell library contained the following spells:

 Spells                   Type           Power      Damage    Failure   Level
 Apportation              Tloc           0%         N/A       30%         1
 Necrotise                Necr           0%         1d4       30%         1
 Shock                    Conj/Air       0%         1d3       30%         1
 Sting                    Conj/Alch      0%         1d3       30%         1
 Jinxbite                 Hex            0%         N/A       41%         2
 Dazzling Flash           Conj/Hex       0%         N/A       65%         3
 Fugue of the Fallen      Necr           0%         N/A       65%         3
 Ozocubu's Armour         Ice            0%         N/A       65%         3
 Swiftness                Air            0%         N/A       65%         3
 Vampiric Draining        Necr           0%         2d6       65%         3
 Volatile Blastmotes      Fire/Tloc      0%         2d10      65%         3
 Airstrike                Air            0%         2d(0-16)  96%         4
 Fulminant Prism          Conj/Alch      0%         3d5       96%         4
 Iskenderun's Mystic Bla  Conj/Tloc      0%         2d3       96%         4
 Manifold Assault         Tloc           0%         N/A       96%         4
 Alistair's Intoxication  Alch           0%         N/A       100%        5
 Curse of Agony           Necr           0%         N/A       100%        5
 Starburst                Conj/Fire      0%         6d3       100%        6
 Maxwell's Capacitive Co  Air            0%         ∞         100%        8
 Summon Small Mammal      Summ           Unusable   N/A       N/A         1
 Martyr's Knell           Necr/Summ      Unusable   N/A       N/A         4

Dungeon Overview and Level Annotations

Branches:
Dungeon (10/15)            Temple (0/1) D:7            Lair (0/5) D:10
    Orc (2/2) D:9           Sewer (visited)
    Elf: Orc:2

Altars:
Dithmenos
Gozag
Nemelex Xobeh
Okawaru
Qazlal
Ru
Sif Muna
Trog
Uskayaw
Vehumet
Wu Jian
Xom
Zin

Shops:
D:2 !   D:4 :


Innate Abilities, Weirdness & Mutations

You are a hulking beast.
Your limbs bulge with bestial killing power. (Slay +2)
You cannot wear most types of armour.
You are amphibious.
You can wear up to eight rings at the same time.
Your skin changes colour to match your surroundings (Stealth+).
Your rubbery body absorbs attacks. (AC +1, EV +1)
((You are camouflaged when in or above water. (Stealth+)))
You have tentacles for arms and can constrict up to eight enemies at once.
You are partially covered in iridescent scales. (AC +2)
Your mind is acute. (Int +4, Str/Dex -1)
Your flesh is heat resistant. (rF+)
Your health recovers twice as slowly from being drained.


Message History

j - 4 javelins (gained 2)
You are confused.
You feel invigorated.
You feel less invigorated.
You feel less confused.
There is a staircase to the Orcish Mines, spattered with blood here.
Okay, then.
You climb downwards.
Welcome back to the Orcish Mines!
You feel an oppressive heat about you.
There is an entrance to a volcano on this level.
Hurry and find it before the entrance collapses!
You hear the slow rumble of an avalanche of rocks nearby.
There is a staircase back to the Dungeon, spattered with blood here.
As you read the scroll of teleportation, it crumbles to dust.
You feel strangely unstable.
The orc warrior shouts!
Your surroundings seem slightly different.
The orc high priest utters an invocation to Beogh.
You puncture the sixfirhy! You burn the sixfirhy.
Your grab misses the sixfirhy. You squeeze the sixfirhy.
The sixfirhy is heavily wounded.
Unknown command.
You puncture the orc high priest! You burn the orc high priest.
You grab the orc high priest. You squeeze the orc high priest!
The orc high priest is heavily wounded.
You constrict the orc high priest. The chaos spawn trunk-slaps you.
You are engulfed in flames.
You resist.
The orc high priest hits you with a +0 flail!
You hit the orc high priest. You burn the orc high priest.
The orc high priest is severely wounded.
You constrict the orc high priest. The sixfirhy hits you!
The sixfirhy shocks you! The chaos spawn misses you.
The orc high priest completely misses you.
You hit the orc high priest. You burn the orc high priest.
The orc high priest is almost dead.
You constrict the orc high priest. The sixfirhy hits you!
The sixfirhy shocks you! The sixfirhy closely misses you.
The sixfirhy hits you!
* * * LOW HITPOINT WARNING * * *
The sixfirhy shocks you!
You die...

##......## .#
#.....<##
...###.[)...##
#.#.#........#
.#...........#
..#.........##
......#o.....#
......o3.....#
.#....4h....##
#.....#.#..##
.#.#. ##...##
# ##...#
##...# #....#
##....# ###.##
##


You could see an orc high priest, a sixfirhy (summoned), a chaos spawn
(summoned) and an orc warrior.

Vanquished Creatures
  A boulder beetle (D:8)
  An ogre mage (D:8)
  An orc knight (D:9)
  Pikel (D:4)
  An ugly thing (D:8)
  A troll (D:9)
  2 hornets
  Grinder (D:3)
  Sigmund (D:4)
  A shadow (D:10)
  2 wyverns
  Eustachio (D:4)
  A warg (Orc:2)
  8 yaks
  4 steam dragons
  Edmund (D:5)
  Menkaure (D:4)
  2 water moccasins
  2 acid dragons (D:10)
  Duvessa (D:5)
  A swamp drake (D:9)
  An ice beast (D:8)
  7 orc warriors
  A sky beast (D:6)
  2 black bears
  2 ogres (D:9)
  3 centaurs
  A lemure (D:4)
  A phantom (D:5)
  3 kobold brigands
  5 bullfrogs
  2 wights (D:8)
  Dowan (D:5)
  16 killer bees
  A vampire bat (D:5)
  A howler monkey (D:7)
  A bombardier beetle (D:5)
  2 jellies (D:6)
  3 hounds
  9 orc priests
  A gnoll bouda (D:7)
  4 iguanas
  13 orc wizards
  Terence (D:3)
  Natasha (thrice) (D:3)
  A killer bee simulacrum (D:8)
  15 adders
  8 gnolls
  A river rat (D:4)
  4 shadow imps
  5 white imps
  2 ufetubi (D:6)
  3 ribbon worms
  12 dart slugs
  3 fire bats (D:5)
  56 orcs
  2 spectral bats (D:5)
  3 bat skeletons (D:5)
  A bat zombie (D:5)
  15 endoplasms
  11 giant cockroaches
  7 goblins
  8 hobgoblins
  6 jackals
  3 quokkas
  13 ball pythons
  16 bats
  A bat simulacrum (D:5)
  10 frilled lizards
  36 kobolds
  7 rats
368 creatures vanquished.

Notes
Turn   | Place    | Note
-------+----------+-------------------------------------------
     0 | D:1      | Dorkslayer the Octopode Fighter began the quest for the
                  | Orb.
     0 | D:1      | Reached XP level 1. HP: 16/16 MP: 1/1
   214 | D:1      | Reached XP level 2. HP: 21/21 MP: 2/2
   435 | D:1      | Reached XP level 3. HP: 21/26 MP: 3/3
   577 | D:1      | Reached skill level 1 in Stealth
   657 | D:1      | Found a faded altar of an unknown god.
  1037 | D:2      | Found a radiant altar of Vehumet.
  1129 | D:2      | Reached XP level 4. HP: 26/31 MP: 4/4
  1431 | D:2      | Found Juisa's Distillery.
  1435 | D:2      | Bought a potion of heal wounds for 55 gold pieces
  1952 | D:3      | Noticed Grinder
  1981 | D:3      | Paralysed by Grinder for 4 turns
  2001 | D:3      | Killed Grinder
  2002 | D:3      | Reached skill level 1 in Polearms
  2002 | D:3      | Reached XP level 5. HP: 27/36 MP: 5/5
  2002 | D:3      | Reached XP level 6. HP: 31/42 MP: 6/6
  2089 | D:3      | Noticed Natasha
  2098 | D:3      | Killed Natasha
  2212 | D:3      | Noticed Natasha
  2218 | D:3      | Killed Natasha
  2345 | D:3      | Noticed Terence
  2356 | D:3      | Killed Terence
  2457 | D:3      | Noticed Natasha
  2461 | D:3      | Killed Natasha
  3078 | D:4      | Identified the ring "Soemorph" {rPois rN++ MP+9 Int+2
                  | Slay+2}
  3121 | D:4      | Reached skill level 1 in Evocations
  3121 | D:4      | Reached XP level 7. HP: 46/46 MP: 7/7
  3131 | D:4      | Noticed Sigmund
  3143 | D:4      | Killed Sigmund
  3172 | D:4      | Found Laet's Book Shoppe.
  3202 | D:4      | Found a glowing drain.
  3209 | Sewer    | Entered a sewer
  3373 | Sewer    | Reached skill level 5 in Unarmed Combat
  3491 | D:4      | Reached XP level 8. HP: 54/54 MP: 8/8
  3689 | D:4      | Noticed Menkaure
  3703 | D:4      | Noticed Eustachio
  3707 | D:4      | Killed Menkaure
  3708 | D:4      | Reached skill level 5 in Stealth
  3722 | D:4      | Killed Eustachio
  3777 | D:4      | Noticed Pikel
  3795 | D:4      | Killed Pikel
  4612 | D:5      | Entered Level 5 of the Dungeon
  4710 | D:5      | Found a bloodstained altar of Trog.
  4710 | D:5      | Found an ornate altar of the Wu Jian Council.
  4719 | D:5      | Found a glowing silver altar of Zin.
  4720 | D:5      | Found a shimmering altar of Xom.
  4720 | D:5      | Found an iron altar of Okawaru.
  4720 | D:5      | Found a sacrificial altar of Ru.
  4720 | D:5      | Found a shimmering blue altar of Sif Muna.
  4721 | D:5      | Found a stormy altar of Qazlal.
  4724 | D:5      | Found a hide-covered altar of Uskayaw.
  4802 | D:5      | Became a worshipper of Warmaster Okawaru
  4960 | D:5      | Reached XP level 9. HP: 58/58 MP: 9/9
  5283 | D:5      | Identified the maw talisman "Xerhios" {rN++ Int-5 Dex+8}
  5561 | D:5      | Noticed Dowan
  5567 | D:5      | Noticed Duvessa
  5570 | D:5      | Killed Duvessa
  5571 | D:5      | Reached skill level 1 in Invocations
  5572 | D:5      | Killed Dowan
  5791 | D:5      | Noticed Edmund
  5802 | D:5      | Killed Edmund
  5803 | D:5      | Reached skill level 1 in Shapeshifting
  5900 | D:4      | Reached skill level 5 in Polearms
  5900 | D:4      | Reached skill level 5 in Dodging
  5929 | D:2      | Bought a potion of lignification for 33 gold pieces
  5929 | D:2      | Bought a potion of curing for 33 gold pieces
  5929 | D:2      | Bought a potion of attraction for 33 gold pieces
  5929 | D:2      | Bought a potion of might for 44 gold pieces
  5929 | D:2      | Bought a potion of curing for 33 gold pieces
  5994 | D:6      | Reached * piety under Okawaru
  6528 | D:6      | Identified the +1 leather armour of Submission {+Blink
                  | Int+3 Dex+5 Slay-5}
  6709 | D:6      | Found a radiant altar of Vehumet.
  6788 | D:7      | You fall into a shaft and drop 3 floors!
  6788 | D:10     | Entered Level 10 of the Dungeon
  6953 | D:9      | Reached ** piety under Okawaru
  6960 | D:9      | Reached skill level 1 in Throwing
  6960 | D:9      | Reached skill level 5 in Shields
  6960 | D:9      | Reached XP level 10. HP: 65/65 MP: 12/12
  7255 | D:7      | Found a staircase to the Ecumenical Temple.
  7748 | D:7      | Reached skill level 5 in Fighting
  8814 | D:8      | Reached *** piety under Okawaru
  9071 | D:8      | Noticed a boulder beetle
  9079 | D:8      | Killed a boulder beetle
  9133 | D:8      | Noticed an ogre mage
  9133 | D:8      | Noticed a red ugly thing
  9140 | D:8      | Killed an ogre mage
  9140 | D:8      | Reached **** piety under Okawaru
  9141 | D:8      | Reached XP level 11. HP: 72/72 MP: 14/14
  9147 | D:8      | Killed a red ugly thing
  9148 | D:8      | Reached skill level 5 in Invocations
  9222 | D:8      | Upgraded the game from 0.32-a0-134-gc02fa2a to
                  | 0.32-a0-135-g14f8b2e
 10646 | D:9      | Found a staircase to the Orcish Mines.
 10974 | D:10     | Found a shadowy altar of Dithmenos.
 11204 | D:10     | Found a staircase to the Lair.
 11232 | D:10     | Reached ***** piety under Okawaru
 11368 | D:10     | Gained mutation: Your flesh is heat resistant. (rF+)
                  | [potion of mutation]
 11368 | D:10     | Gained mutation: You are partially covered in iridescent
                  | scales. (AC +2) [potion of mutation]
 11368 | D:10     | Gained mutation: Your health recovers twice as slowly from
                  | being drained. [potion of mutation]
 11368 | D:10     | Gained mutation: Your mind is acute. (Int +4, Str/Dex -1)
                  | [potion of mutation]
 11576 | D:10     | Found an opulent altar of Gozag.
 11576 | D:10     | Found a sparkling altar of Nemelex Xobeh.
 11775 | D:10     | Reached skill level 5 in Shapeshifting
 12167 | Orc:1    | Entered Level 1 of the Orcish Mines
 12220 | Orc:1    | Noticed an orc knight
 12221 | Orc:1    | Noticed an orc high priest
 12221 | Orc:1    | Noticed an orc knight
 12221 | Orc:1    | Noticed an orc knight
 12235 | Orc:2    | Entered Level 2 of the Orcish Mines
 12242 | Orc:2    | Noticed an orc knight
 12295 | D:9      | Killed an orc knight
 12295 | D:9      | Received a gift from Okawaru
 12341 | Orc:1    | Noticed a sixfirhy
 12344 | Orc:1    | Slain by a sixfirhy

Illustrated notes

Levels and vault maps discovered:
D:1:      minmay_arrival_glassed_features, layout_loops_cross,
          shapermc_ecumenical_altar_mp_vishouse, chequers_serial_rivers_small_3
D:2:      wander_river, layout_basic, basic_altar, serial_shops, shop
D:3:      layout_basic, kennysheep_cross_room, uniq_natasha, uniq_grinder,
          uniq_terence
D:4:      layout_layer_cave, serial_shops, shop, lightli_sewer_entry_pipes,
          uniq_menkaure, uniq_sigmund, uniq_eustachio, uniq_pikel
D:5:      layout_loops_corners, minitemple, corexii_item_surrounded_by_moat,
          grunt_decor_junction, chequers_big_river, nrook_pool_corridor,
          goddamned_bats, uniq_edmund, uniq_duvessa
D:6:      layout_loops_cross, pf_just_have_faith
D:7:      kennysheep_kobold_camp, layout_basic, minmay_temple_entry_grid
D:8:      nzn_winding_woodlands_medium [nzn_winding_woodlands_5x5_checkerboard,
          nzn_winding_woodlands_5x15_eye, nzn_winding_woodlands_5x5_three,
          nzn_winding_woodlands_5x5_default, nzn_winding_woodlands_center_lodge,
          nzn_winding_woodlands_5x5_cross, nzn_winding_woodlands_5x5_perimeter,
          nzn_winding_woodlands_5x15_pool, nzn_winding_woodlands_hourglass],
          layout_basic
D:9:      layout_irregular_city, erik_orc_1, nicolae_houndstooth_variations
D:10:     layout_loops_corners, grunt_temple_overflow_opulence,
          grunt_dithmenos_smoke_and_mirrors, dpeg_oklobed_lair
Orc:1:    layout_caves, special_room [special_room_orc], basic_altar,
          nicolae_volcano_entry_two_sided
Orc:2:    grunt_orc_cross, layout_diamond_mine, gammafunk_ghost_stat_death,
          monkooky_shop_alliterative

Skill      XL: |  1  2  3  4  5  6  7  8  9 10 11 |
---------------+----------------------------------+-----
Stealth        | 1 3 4 7 |  7.3
Unarmed Combat | 4 5 6 7 8 |  8.3
Polearms       | 1 2 3 4 5 7 8 |  8.2
Evocations     | 1 2 3 |  3.9
Dodging        | 4 5 6 |  6.6
Fighting       | 4 5 6 |  6.1
Shields        | 4 5 |  5.6
Invocations    | 3 4 6 |  6.1
Shapeshifting  | 2 4 5 |  5.1
Throwing       | 1 2 |  2.6

Action                     |  1- 3 |  4- 6 |  7- 9 | 10-12 || total
---------------------------+-------+-------+-------+-------++-------
  Melee: Unarmed           |    95 |    30 |       |       ||   125
         Constrict         |    23 |    11 |    45 |    53 ||   132
         Tentacles         |     9 |     6 |    47 |    82 ||   144
         Punch             |     3 |     3 |    15 |    27 ||    48
         Spear             |       |    54 |   262 |   326 ||   642
  Throw: Javelin           |       |       |    10 |    12 ||    22
         Dart              |       |       |     1 |    32 ||    33
 Invoke: Heroism           |       |       |     1 |     1 ||     2
  Evoke: Wand              |       |       |       |     8 ||     8
    Use: Scroll            |       |    11 |     4 |     9 ||    24
         Potion            |       |     1 |     6 |     6 ||    13
   Stab: Sleeping          |     7 |    10 |    34 |    15 ||    66
         Distracted        |       |       |     3 |     6 ||     9
 Armour: Skin              |    34 |    33 |    82 |   104 ||   253
  Dodge: Dodged            |    67 |    28 |   117 |   126 ||   338
  Block: Buckler           |    16 |    11 |    44 |    60 ||   131
   Form: Beast             |       |       |       |     1 ||     1

Table legend: (Time is in decaauts)
 A = Elapsed time spent in this place.
 B = Non-inter-level travel time spent in this place.
 C = Inter-level travel time spent in this place.
 D = Time resting spent in this place.
 E = Time spent auto-exploring this place.
 F = Levels seen in this place.
 G = Mean time per level.
                   A        B        C        D        E       F      G
               +--------+--------+--------+--------+--------+-----+--------+
         Total |  12265 |  12149 |    116 |    590 |   7086 |  13 |  943.5 |
       Dungeon |  11902 |  11786 |    116 |    590 |   7046 |  10 | 1190.2 |
  Orcish Mines |    109 |    109 |      0 |      0 |      0 |   2 |   54.5 |
         Sewer |    253 |    253 |      0 |      0 |     40 |   1 |  253.0 |
               +--------+--------+--------+--------+--------+-----+--------+

Top non-repeatable levels by time:
     D:9: 1448 daAuts
     D:8: 1378 daAuts
     D:4: 1366 daAuts
     D:7: 1294 daAuts
    D:10: 1273 daAuts
     D:5: 1255 daAuts
     D:3: 1165 daAuts
     D:1: 1002 daAuts
     D:2: 946 daAuts
     D:6: 771 daAuts
   Sewer: 253 daAuts
   Orc:1: 97 daAuts
   Orc:2: 12 daAuts
